 Dungeon Crawl Stone Soup version 0.31-a0-833-gc15d34cb79 (webtiles) character file.

Game seed: 5943433008504587366

58 Kurtz the Chopper (level 4, -3/31 HPs)
             Began as an Octopode Fighter on Sept 25, 2023.
             Slain by an iguana (12 damage)
             ... on level 3 of the Dungeon.
             The game lasted 00:01:18 (1297 turns).

Kurtz the Chopper (Octopode Fighter)                Turns: 1297, Time: 00:01:19

Health: -3/31      AC:  1    Str: 15    XL:     4   Next: 1%
Magic:  4/4        EV: 13    Int: 10    God:
Gold:   98         SH:  6    Dex: 13    Spells: 3/3 levels left

rFire   . . .        a - +0 war axe
rCold   . . .        g - +2 buckler
rNeg    . . .        (helmet restricted)
rPois   .            (no amulet)
rElec   .            (no ring)
rCorr   .            (no ring)
SInv    .            (no ring)
Will    +....        (no ring)
Stlth   ++           (no ring)
HPRegen 0.25/turn    (no ring)
MPRegen 0.09/turn    (no ring)
                     (no ring)

%: no passive effects
@: mighty, enlightened, flying
A: almost no armour, amphibious, 8 rings, camouflage 1, gelatinous body 1,
(nimble swimmer 1), tentacles, mutation resistance 1, wild magic 1
a: no special abilities


You were on level 3 of the Dungeon.
You visited 1 branch of the dungeon, and saw 3 of its levels.

You collected 98 gold pieces.

Inventory:

Hand Weapons
 a - a +0 war axe (weapon)
Missiles
 f - 4 boomerangs
 l - a throwing net
Armour
 b - a +0 buckler
 g - a +2 buckler (worn)
Wands
 k - a wand of roots (7)
Scrolls
 e - 4 scrolls of teleportation {unknown}
 h - 2 scrolls of identify {unknown}
 m - a scroll of enchant armour {unknown}
 n - a scroll of revelation {unknown}
Potions
 d - 2 potions of mutation
 i - 2 potions of enlightenment
 j - 2 potions of brilliance {unknown}
 o - a potion of curing {unknown}


   Skills:
 - Level 3.0 Fighting
 * Level 4.1 Axes
 - Level 3.0 Dodging
 + Level 3.0 Shields


You had 3 spell levels left.
You didn't know any spells.
Your spell library contained the following spells:

 Spells                   Type           Power      Damage    Failure   Level
 Magic Dart               Conj           0%         1d3       54%         1
 Cigotuvi's Dreadful Rot  Necr/Pois/Air  0%         N/A       67%         2
 Searing Ray              Conj           0%         2d4       67%         2
 Dispel Undead            Necr           0%         3d6       99%         4
 Fulminant Prism          Conj/Hex       0%         3d5       99%         4
 Death Channel            Necr           0%         N/A       100%        6


Dungeon Overview and Level Annotations

Branches:
Dungeon (3/15)

Altars:
Ashenzari
Vehumet

Shops:
D:1 [   D:2 ?


Innate Abilities, Weirdness & Mutations

You cannot wear most types of armour.
You are amphibious.
You can wear up to eight rings at the same time.
Your skin changes colour to match your surroundings (Stealth+).
Your rubbery body absorbs attacks. (AC +1, EV +1)
((You are camouflaged when in or above water. (Stealth+)))
You have tentacles for arms and can constrict up to eight enemies at once.
You are somewhat resistant to further mutation.
Your spells are a little harder to cast, but a little more powerful.


Message History

You hit the hobgoblin but do no damage. You grab the hobgoblin.
You constrict the hobgoblin. The hobgoblin closely misses you.
You block the hobgoblin's attack.
An ogre comes into view. It is wielding a +0 giant spiked club.
The ogre shouts!
You hit the hobgoblin.
The hobgoblin is heavily wounded.
You constrict the hobgoblin.
You kill the hobgoblin!
You have reached level 4!
Found a stone staircase leading down.
You barely miss the iguana. Your grab misses the iguana. The iguana bites you.
A rat comes into view.
You closely miss the iguana. Your grab misses the iguana.
You squeeze the iguana, but do no damage.
The iguana barely misses you. The iguana bites you!
You are too injured to fight recklessly!
Unknown command.
You feel very mighty all of a sudden. You block the iguana's attack.
A worm comes into view.
It was a potion of mutation.
You feel extremely strange.
You feel less in control of your magic.
You feel genetically stable. The iguana bites you.
* * * LOW HITPOINT WARNING * * *
Unknown command.
It was a potion of enlightenment.
You feel very buoyant.
You fly up into the air.
The iguana closely misses you.
You hit the iguana. You grab the iguana.
The iguana is moderately wounded.
You constrict the iguana. You block the iguana's attack.
Unknown command.
Unknown command.
You release your grip on the iguana.
You block the iguana's attack. The iguana attacks as it pursues you!
The iguana bites you.
* * * LOW HITPOINT WARNING * * *
The iguana attacks as it pursues you! The iguana barely misses you.
The iguana attacks as it pursues you! The iguana bites you!
You die...

.......+.. ......
.......#.##......
#....#......#
+...†..O#####
#......O'
#......r#####
#...........#####
#......##l.......
#......##@....###.
.<.......+.........
#
########..#.....###
#. .. #...#.#####
... #. #..##[#
#.(#.###..##.#
#..#.......[.#
#.....####.###
#.###.####.#


You could see an ogre, an iguana and a rat.

Vanquished Creatures
  An adder (D:2)
  2 dart slugs
  5 bats
  5 endoplasms
  A giant cockroach (D:2)
  5 goblins
  3 hobgoblins
  3 quokkas
  5 ball pythons
  4 frilled lizards
  4 kobolds
  4 rats
42 creatures vanquished.

Notes
Turn   | Place    | Note
-------+----------+-------------------------------------------
     0 | D:1      | Kurtz the Octopode Fighter began the quest for the Orb.
     0 | D:1      | Reached XP level 1. HP: 16/16 MP: 1/1
   130 | D:1      | Reached XP level 2. HP: 21/21 MP: 2/2
   206 | D:1      | Reached skill level 3 in Axes
   361 | D:1      | Found Atuann's Armour Shoppe.
   613 | D:2      | Reached XP level 3. HP: 26/26 MP: 3/3
   840 | D:2      | Found Jayxup's Magic Scroll Boutique.
   853 | D:2      | Found a radiant altar of Vehumet.
   950 | D:2      | Reached skill level 4 in Axes
  1052 | D:2      | Found a faded altar of an unknown god.
  1236 | D:3      | Found a broken altar of Ashenzari.
  1282 | D:3      | Noticed an ogre
  1284 | D:3      | Reached XP level 4. HP: 28/31 MP: 4/4
  1289 | D:3      | Gained mutation: Your spells are a little harder to cast,
                  | but a little more powerful. [potion of mutation]
  1289 | D:3      | Gained mutation: You are somewhat resistant to further
                  | mutation. [potion of mutation]
  1297 | D:3      | Slain by an iguana

Illustrated notes

Levels and vault maps discovered:
D:1:      dpeg_arrival_three_same_balls, layout_basic, serial_shops, shop
D:2:      layout_rooms, basic_altar, serial_shops, shop,
          hellmonk_ecumenical_altar_inner_sanctum
D:3:      minmay_general_purpose_star, layout_basic,
          cheibrodos_ashenzari_chains, mainiacjoe_overflow_surrounded_room,
          serial_shops, shop

Skill      XL: |  1  2  3 |
---------------+----------+-----
Axes           | 3 4 |  4.1
Fighting       | |  3.0
Dodging        | |  3.0
Shields        | |  3.0

Action                     |  1- 3 |  4- 6 || total
---------------------------+-------+-------++-------
  Melee: War axe           |    71 |     3 ||    74
         Constrict         |    16 |     1 ||    17
         Tentacles         |     9 |     1 ||    10
    Use: Potion            |       |     3 ||     3
   Stab: Sleeping          |     4 |       ||     4
 Armour: Skin              |    34 |     5 ||    39
  Dodge: Dodged            |    35 |     3 ||    38
  Block: Buckler           |    15 |     3 ||    18

Table legend: (Time is in decaauts)
 A = Elapsed time spent in this place.
 B = Non-inter-level travel time spent in this place.
 C = Inter-level travel time spent in this place.
 D = Time resting spent in this place.
 E = Time spent auto-exploring this place.
 F = Levels seen in this place.
 G = Mean time per level.
                   A        B        C        D        E       F      G
               +--------+--------+--------+--------+--------+-----+--------+
         Total |   1323 |   1215 |    108 |     72 |    868 |   3 |  441.0 |
       Dungeon |   1323 |   1215 |    108 |     72 |    868 |   3 |  441.0 |
               +--------+--------+--------+--------+--------+-----+--------+

Top non-repeatable levels by time:
     D:2: 637 daAuts
     D:1: 622 daAuts
     D:3: 64 daAuts
